 Dungeon Crawl Stone Soup version 0.31.0-11-ge490571c62 (webtiles) character file.

Game seed: 16598483580280821338

24502 Curundu the Severer (level 12, -1/169 HPs)
             Began as a Minotaur Berserker on Jan 31, 2024.
             Was an Elder of Trog.
             Slain by Jorgrun
             ... wielding a staff of earth
              (24 damage)
             ... on level 13 of the Dungeon.
             The game lasted 00:39:37 (11928 turns).

Curundu the Severer (Minotaur Berserker)           Turns: 11928, Time: 00:39:39

Health: -1/169     AC: 27    Str: 36    XL:     12   Next: 81%
Magic:  11/11      EV: 11    Int:  4    God:    Trog [****..]
Gold:   661        SH:  0    Dex:  8    Spells: 11/11 levels left

rFire   . . .        E - +2 executioner's axe (heavy)
rCold   . . .        (shield currently unavailable)
rNeg    . . .        f - +11 chain mail of Tortelloni {rElec rCorr Str+9 Dex-2}
rPois   .            (helmet restricted)
rElec   +            o - +2 cloak {Will+}
rCorr   +            (no gloves)
SInv    .            (no boots)
Will    +++..        J - amulet of the acrobat Stlth
                     (no ring)
HPRegen 1.48/turn    (no ring)
MPRegen 0.12/turn

%: acrobat
@: berserking, strong-willed, regenerating, very quick
A: horns 2, retaliatory headbutt
a: Renounce Religion, Berserk, Trog's Hand, Brothers in Arms


You were on level 13 of the Dungeon.
You worshipped Trog.
Trog was greatly pleased with you.
You visited 2 branches of the dungeon, and saw 14 of its levels.
You also visited: Sewer.

You collected 863 gold pieces.
You spent 202 gold pieces at shops.

Inventory:

Hand Weapons
 a - a +1 hand axe of venom
 m - a +0 war axe
 s - a +4 flail
 E - a +2 heavy executioner's axe (weapon)
Missiles
 l - a throwing net (quivered)
 D - 6 boomerangs
 H - 5 javelins
Armour
 f - the +11 chain mail of Tortelloni (worn) {rElec rCorr Str+9 Dex-2}
   (You found it on level 4 of the Dungeon)

   Str+9:     It affects your strength (+9).
   Dex-2:     It affects your dexterity (-2).
   rElec:     It insulates you from electricity.
   rCorr:     It protects you from acid and corrosion.
 o - a +2 cloak of willpower (worn)
Jewellery
 J - an amulet of the acrobat (around neck)
Wands
 c - a wand of roots (7)
 u - a wand of mindburst (18)
 v - a wand of flame (15)
 y - a wand of polymorph (9)
 B - a wand of charming (14)
 I - a wand of light (2)
Scrolls
 e - 12 scrolls of teleportation
 j - 3 scrolls of poison
 k - 3 scrolls of summoning
 n - 2 scrolls of noise
 q - a scroll of fear
 t - 2 scrolls of silence
 x - a scroll of enchant armour
 A - 3 scrolls of fog
 K - a scroll of immolation
 L - a scroll of enchant weapon
Potions
 b - 2 potions of might
 d - 7 potions of curing
 g - 4 potions of invisibility
 h - 4 potions of heal wounds
 i - a potion of lignification
 p - 5 potions of resistance {unknown}
 r - 2 potions of mutation
 w - a potion of ambrosia {unknown}
 z - 4 potions of magic
 C - 2 potions of cancellation {unknown}
 F - 2 potions of enlightenment {unknown}
 G - 2 potions of berserk rage {unknown}


   Skills:
 + Level 12.4 Fighting
 + Level 17.7 Axes
 + Level 13.4 Armour
 + Level 6.2 Dodging
 + Level 2.2 Stealth


You had 11 spell levels left.
You didn't know any spells.
Your spell library was empty.

Dungeon Overview and Level Annotations

Branches:
Dungeon (13/15)            Temple (1/1) D:5            Lair (0/5) D:9
    Orc (0/2) D:10          Sewer (visited)
 Vaults: D:13-14

Altars:
Ashenzari
Cheibriados
Dithmenos
Elyvilon
Fedhas
Gozag
Hepliaklqana
Kikubaaqudgha
Makhleb
Nemelex Xobeh
Okawaru
Qazlal
Ru
Sif Muna
Trog
Uskayaw
Vehumet
Wu Jian
Xom
Yredelemnul
Zin
The Shining One

Shops:
D:1 (   D:6 [   D:12 :

Annotations:
D:13 Jorgrun
Temple 4 transporters


Innate Abilities, Weirdness & Mutations

You have a pair of horns on your head.
You reflexively headbutt those who attack you in melee.


Message History

Jorgrun points at you and mumbles some strange words.
Roots burst forth from the earth!
The grasping roots grab you! The grasping roots constrict you.
You barely miss Jorgrun. Your headbutt misses Jorgrun.
Jorgrun hits you but does no damage. The grasping roots constrict you!
Jorgrun hits you but does no damage. The ground beneath you fractures.
The grasping roots constrict you.
You slice Jorgrun!!
Jorgrun is moderately wounded.
Jorgrun hits you but does no damage. The ground beneath you fractures!!
The grasping roots constrict you!
You hit Jorgrun.
Jorgrun is moderately wounded.
Jorgrun hits you with a staff of earth! The grasping roots constrict you.
Jorgrun hits you with a staff of earth. The ground beneath you fractures!
The grasping roots constrict you.
* * * LOW HITPOINT WARNING * * *
You hit Jorgrun.
Jorgrun is moderately wounded.
Jorgrun hits you but does no damage. The ground beneath you fractures.
* * * LOW HITPOINT WARNING * * *
The grasping roots constrict you!
* * * LOW HITPOINT WARNING * * *
The grasping roots release their grip on you.
A red film seems to cover your vision as you go berserk!
You feel yourself moving faster!
You feel mighty! Trog will no longer gift you weapons.
Jorgrun hits you but does no damage. The ground beneath you fractures!
* * * LOW HITPOINT WARNING * * *
You closely miss Jorgrun. You headbutt Jorgrun!!
Jorgrun is heavily wounded.
Jorgrun hits you but does no damage.
You slash Jorgrun! You headbutt Jorgrun.
Jorgrun is heavily wounded.
Jorgrun says, "'tis place shall be yer tomb!"
Jorgrun hits you with a staff of earth.
* * * LOW HITPOINT WARNING * * *
The ground beneath you fractures!!
You die...

........# ########.# .##.##### #.
#.# .##.######### #.## #.#
.##.......... ...# #.#
.##.#...####.# ..# #.###
.##..#........ ..# #.##<
.##.#...####.# #.# #######.##.
.##.##.## #.# #g# #.......##.
.....#.# #.# #@######.#########
###....# #.# #........# # #
#..#.# #.# ########## # ###.##.#
#.# # ....##.#####.######### #
..#.##.##.......[....# #
..#...)......#######.############
.<##.#.#..#### #.......).....
..........# ##############


You could see Jorgrun.

Vanquished Creatures
  Kirke (D:13)
  Fannar (D:11)
  2 boulder beetles
  3 two-headed ogres
  The ghost of puppykicker the Cruncher, a journeyman SpGl of Wu Jian (D:12)
  2 ugly things
  3 manticores
  3 cyclopes
  A meliai (D:12)
  2 gargoyles
  An unseen horror (D:11)
  Maggie (D:7)
  Jeremiah (D:6)
  2 komodo dragons
  Psyche (D:10)
  5 trolls
  Grinder (D:5)
  Sigmund (D:4)
  A vampire (D:9)
  A shadow (D:12)
  36 yaks
  A wraith (D:7)
  6 hogs (D:13)
  Grum (D:11)
  A basilisk (D:13)
  A steam dragon (D:6)
  Edmund (D:4)
  2 acid dragons
  3 water moccasins
  6 orc warriors
  A sky beast (D:7)
  2 laughing skulls (D:13)
  2 black bears
  An ice beast (D:5)
  An ogre (D:6)
  4 wolves (D:11)
  4 centaurs
  7 kobold brigands
  6 bullfrogs
  A scorpion (D:5)
  10 wights
  10 killer bees
  3 howler monkeys
  7 crimson imps (D:7)
  2 jellies (D:6)
  7 orc priests
  3 hounds
  2 iguanas (D:5)
  8 orc wizards
  3 gnolls (D:5)
  11 adders
  6 river rats
  2 white imps (D:7)
  2 ribbon worms (D:3)
  A dart slug (D:3)
  31 orcs
  17 ball pythons
  6 endoplasms
  A giant cockroach (D:3)
  4 goblins
  6 hobgoblins
  6 jackals (D:3)
  39 kobolds
  3 quokkas
  8 bats
  7 frilled lizards
  24 rats
350 creatures vanquished.

Vanquished Creatures (others)
  A crimson imp (D:7)
1 creature vanquished.

Grand Total: 351 creatures vanquished

Notes
Turn   | Place    | Note
-------+----------+-------------------------------------------
     0 | D:1      | Curundu the Minotaur Berserker began the quest for the Orb.
     0 | D:1      | Reached XP level 1. HP: 19/19 MP: 0/0
   310 | D:1      | Found Niogig Ahym's Weapon Emporium.
   338 | D:1      | Reached XP level 2. HP: 25/27 MP: 1/1
  1017 | D:2      | Reached skill level 4 in Axes
  1240 | D:2      | Reached XP level 3. HP: 34/34 MP: 2/2
  1763 | D:2      | Reached ** piety under Trog
  1764 | D:2      | Reached XP level 4. HP: 41/41 MP: 3/3
  1978 | D:3      | Reached skill level 5 in Axes
  2028 | D:3      | Found a glowing drain.
  2032 | Sewer    | Entered a sewer
  2057 | Sewer    | Reached XP level 5. HP: 44/47 MP: 4/4
  2078 | Sewer    | Reached skill level 5 in Fighting
  2249 | Sewer    | Reached *** piety under Trog
  2471 | Sewer    | Reached XP level 6. HP: 48/56 MP: 5/5
  2476 | Sewer    | Reached skill level 5 in Armour
  3029 | D:3      | Found a faded altar of an unknown god.
  3725 | D:4      | Noticed Edmund
  3751 | D:4      | Killed Edmund
  3752 | D:4      | Reached skill level 6 in Axes
  3788 | D:4      | Reached XP level 7. HP: 59/61 MP: 6/6
  3871 | D:4      | Noticed Sigmund
  3881 | D:4      | Killed Sigmund
  3898 | D:4      | Identified the +11 chain mail of Tortelloni {rElec rCorr
                  | Str+9 Dex-2}
  4127 | D:5      | Entered Level 5 of the Dungeon
  4216 | D:5      | Reached **** piety under Trog
  4217 | D:5      | Reached skill level 7 in Axes
  4267 | D:5      | Found a broken altar of Ashenzari.
  4351 | D:5      | Found an ornate altar of the Wu Jian Council.
  4554 | D:5      | Noticed Grinder
  4560 | D:5      | Killed Grinder
  4561 | D:5      | Reached XP level 8. HP: 71/71 MP: 7/7
  4654 | D:5      | Reached skill level 8 in Axes
  4654 | D:5      | Reached skill level 1 in Stealth
  4801 | D:5      | Found a staircase to the Ecumenical Temple.
  4916 | Temple   | Found a transporter.
  4916 | Temple   | Found a transporter.
  4916 | Temple   | Found a transporter.
  4916 | Temple   | Found a transporter.
  4916 | Temple   | Entered the Ecumenical Temple
  5014 | D:6      | Noticed Jeremiah
  5046 | D:6      | Killed Jeremiah
  5232 | D:6      | Found Luschu Juy's Antique Armour Boutique.
  5239 | D:6      | Bought a glowing cloak for 202 gold pieces
  5300 | D:6      | Reached skill level 9 in Axes
  5449 | D:6      | Reached XP level 9. HP: 78/79 MP: 8/8
  5988 | D:7      | Reached skill level 10 in Axes
  6217 | D:7      | Reached skill level 10 in Armour
  6224 | D:7      | Reached skill level 11 in Axes
  6449 | D:7      | Noticed Maggie
  6474 | D:7      | Killed Maggie
  6841 | D:8      | Reached XP level 10. HP: 57/89 MP: 9/9
  7010 | D:8      | Found a stormy altar of Qazlal.
  7414 | D:8      | Reached skill level 12 in Axes
  7578 | D:8      | Found a snail-covered altar of Cheibriados.
  7873 | D:9      | Identified the +6 rapier of the Grave {holy, Str-2 Int+6}
  7971 | D:9      | Reached skill level 5 in Dodging
  7976 | D:9      | Reached ***** piety under Trog
  8024 | D:9      | Received a gift from Trog
  8107 | D:9      | Noticed a two-headed ogre
  8110 | D:9      | Killed a two-headed ogre
  8248 | D:9      | Reached skill level 13 in Axes
  8350 | D:9      | Found a staircase to the Lair.
  8418 | D:10     | Entered Level 10 of the Dungeon
  8425 | D:10     | Noticed Psyche
  8430 | D:10     | Killed Psyche
  8530 | D:10     | Found a staircase to the Orcish Mines.
  8583 | D:10     | Noticed a two-headed ogre
  8585 | D:10     | Killed a two-headed ogre
  8586 | D:10     | Reached skill level 10 in Fighting
  8586 | D:10     | Reached XP level 11. HP: 78/99 MP: 10/10
  8787 | D:10     | Found a sparkling altar of Nemelex Xobeh.
  8996 | D:10     | Reached skill level 14 in Axes
  9119 | D:11     | Noticed a red ugly thing
  9124 | D:11     | Killed a red ugly thing
  9282 | D:11     | Noticed Fannar
  9295 | D:11     | Killed Fannar
  9689 | D:11     | Noticed Grum
  9691 | D:11     | Reached skill level 15 in Axes
  9697 | D:11     | Killed Grum
 10222 | D:12     | Noticed a red ugly thing
 10226 | D:12     | Killed a red ugly thing
 10253 | D:12     | Reached XP level 12. HP: 110/110 MP: 11/11
 10276 | D:12     | Found Geffotat's Book Boutique.
 10402 | D:12     | Noticed a boulder beetle
 10417 | D:12     | Killed a boulder beetle
 10418 | D:12     | Reached skill level 16 in Axes
 10620 | D:12     | Found a runed translucent door.
 10620 | D:12     | Noticed puppykicker's ghost (journeyman SpGl)
 10651 | D:12     | Killed puppykicker's ghost
 11208 | D:12     | Noticed a two-headed ogre
 11213 | D:12     | Killed a two-headed ogre
 11214 | D:12     | Reached skill level 17 in Axes
 11301 | D:13     | Noticed Kirke
 11317 | D:13     | Killed Kirke
 11591 | D:13     | Noticed a boulder beetle
 11595 | D:13     | Killed a boulder beetle
 11862 | D:13     | Identified the +4 rapier of Contention {venom, ^Fragile
                  | Str+3 Stlth+}
 11917 | D:13     | Noticed Jorgrun
 11928 | D:13     | Slain by Jorgrun

Illustrated notes

Levels and vault maps discovered:
D:1:      psy_arrival_radial01, layout_basic, serial_shops,
          nicolae_shop_real_fake_doors
D:2:      layout_loops_corners, minmay_small_reverse_x
D:3:      layout_loops_cross, gup_sewer_entry_spiral,
          ebering_ecumenical_altar_webs
D:4:      layout_gridville, uniq_edmund, uniq_sigmund
D:5:      layout_basic, mainiacjoe_overflow_swirl, minmay_temple_entry_poolview,
          uniq_grinder
D:6:      layout_basic, serial_shops, shop, nicolae_sextant, uniq_jeremiah
D:7:      layout_cave_pools, grunt_decor_cap, minmay_nine_imps, uniq_maggie
D:8:      layout_layer_cave, overflow_temple_1_default,
          mainiacjoe_overflow_small_starburst
D:9:      layout_roguey, lair_entry_dummy
D:10:     layout_roguey, nemelex_xobeh_ov_fountains_minmay, orc_0_dummy,
          uniq_psyche
D:11:     layout_long_grid, hex_large, uniq_fannar, uniq_grum
D:12:     layout_loops_ring, ebering_ghost_inner_flame, serial_shops,
          nicolae_shop_advertising_works [nicolae_subvault_shop_adworks]
D:13:     layout_loops_ring, uniq_kirke, uniq_sonja, uniq_jorgrun
Temple:   hellmonk_temple_divided_pantheon

Skill      XL: |  1  2  3  4  5  6  7  8  9 10 11 12 |
---------------+-------------------------------------+-----
Fighting       | 4 5 6 7 8 10 11 12 | 12.4
Axes           | 4 5 6 7 9 11 13 15 17 | 17.7
Armour         | 3 4 5 7 9 10 11 12 13 | 13.4
Dodging        | 3 4 5 6 |  6.2
Stealth        | 1 2 |  2.2

Action                     |  1- 3 |  4- 6 |  7- 9 | 10-12 || total
---------------------------+-------+-------+-------+-------++-------
  Melee: Hand axe          |    60 |   158 |   255 |   121 ||   594
         Headbutt          |     9 |    19 |    35 |    49 ||   112
         Punch             |       |     1 |     1 |       ||     2
         Executioner's axe |       |       |       |   229 ||   229
 Invoke: Trog's Hand       |       |     1 |     8 |     9 ||    18
         Berserk           |       |       |     2 |     3 ||     5
    Use: Scroll            |       |    16 |     4 |     1 ||    21
         Potion            |       |       |       |     1 ||     1
 Armour: Animal skin       |    25 |       |       |       ||    25
         Scale mail        |     4 |    42 |       |       ||    46
         Plate armour      |       |   140 |     4 |       ||   144
         Chain mail        |       |       |   187 |   440 ||   627
  Dodge: Dodged            |    51 |    86 |   111 |   255 ||   503
